 Dungeon Crawl Stone Soup version 0.23.2 (webtiles) character file.

Game seed: 4773163763957762871

1369 Gingko the Changer (level 8, -2/78 HPs)
             Began as a Troll Transmuter on Apr 7, 2019.
             Was a Believer of Okawaru.
             Slain by Duvessa
             ... wielding a +0 short sword
              (14 damage)
             ... on level 5 of the Dungeon.
             The game lasted 00:22:39 (3953 turns).

Gingko the Changer (Troll Transmuter)               Turns: 3953, Time: 00:22:39

Health: -2/78      AC:  2    Str: 19    XL:     8   Next: 38%
Magic:  5/11       EV: 19    Int: 11    God:    Okawaru [**....]
Gold:   276        SH:  0    Dex: 15    Spells: 7/13 levels left

rFire    . . .     SeeInvis .     - Unarmed
rCold    . . .     Gourm    +   (shield currently unavailable)
rNeg     . . .     Faith    .   (armour currently unavailable)
rPois    x         Spirit   .   (helmet currently unavailable)
rElec    .         Reflect  .   (cloak currently unavailable)
rCorr    .         Harm     .   (gloves unavailable)
MR       .....                  (boots unavailable)
Stlth    +.........             n - amulet of rage
HPRegen  0.63/turn              (no ring)
MPRegen  0.12/turn              (no ring)

@: spider-form, very slightly contaminated, slowed, very slow
A: tiny, unfitting armour, fast metabolism 3, gourmand, regeneration 1
a: End Transformation, Heroism, Renounce Religion, Evoke Berserk Rage


You were on level 5 of the Dungeon.
You worshipped Okawaru.
Okawaru was pleased with you.
You were not hungry.
You were a venomous arachnid creature.
You visited 2 branches of the dungeon, and saw 6 of its levels.

You collected 276 gold pieces.

Inventory:

Hand Weapons
 q - a +0 club
 t - a +0 blowgun
Missiles
 a - 88 arrows
 c - 3 poisoned javelins
 k - 2 throwing nets (quivered)
 p - 85 stones
 u - 46 poisoned needles
 y - 4 tomahawks
Armour
 b - a +0 robe (melded)
 s - a +0 cloak (melded)
Jewellery
 f - an uncursed amulet of guardian spirit
 i - an uncursed ring of ice
 n - an amulet of rage (around neck)
Wands
 z - a wand of iceblast (10)
Scrolls
 j - 4 scrolls of identify {unknown}
 l - a scroll of enchant armour {unknown}
 m - 2 scrolls of amnesia {unknown}
 o - a scroll of enchant weapon {unknown}
 r - 2 scrolls of remove curse {unknown}
 w - a scroll of teleportation {unknown}
Potions
 e - a potion of mutation {unknown}
 g - a potion of magic {unknown}
 h - 2 potions of agility
 v - a potion of might {unknown}
 x - a potion of invisibility {unknown}
 A - 3 potions of cancellation {unknown}
 C - a potion of lignification {unknown}
Comestibles
 d - 6 rations


   Skills:
 - Level 3.8 Fighting
 + Level 1.9 Dodging
 - Level 0.2 Stealth
 + Level 3.2 Unarmed Combat
 - Level 3.0 Spellcasting
 - Level 6.0 Transmutations


You had 7 spell levels left.
You knew the following spells:

 Your Spells              Type           Power        Failure   Level  Hunger
a - Beastly Appendage     Tmut           ###...       9%          1    #......
b - Sticks to Snakes      Tmut           ###.....     11%         2    ###....
c - Spider Form           Tmut/Pois      #.........   43%         3    ###....

Your spell library contained the following spells:

 Spells                   Type           Power        Failure   Level  Hunger
 Animate Skeleton         Necr           N/A          47%         1    #......
 Apportation              Tloc           #.....       47%         1    #......
 Confusing Touch          Hex            #.....       47%         1    #......
 Summon Small Mammal      Summ           #...         47%         1    #......
 Blade Hands              Tmut           ###.......   73%         5    ######.
 Ice Form                 Ice/Tmut       #.......     78%         4    #####..


Dungeon Overview and Level Annotations

Branches:
Dungeon (5/15)             Temple (1/1) D:4

Altars:
Ashenzari
Cheibriados
Dithmenos
Elyvilon
Fedhas
Gozag
Hepliaklqana
Kikubaaqudgha
Makhleb
Nemelex Xobeh
Okawaru
Qazlal
Ru
Sif Muna
Trog
Uskayaw
Vehumet
Wu Jian
Xom
Yredelemnul
Zin

Shops:
D:4 *}*(:

Annotations:
D:3 3 runed translucent doors, tensugalgo's ghost, amateur OpFi
D:5 Duvessa


Innate Abilities, Weirdness & Mutations

You are too large for most types of armour.
((You have claws for hands.))
Your metabolism is lightning-fast.
You like to eat raw meat.
Your natural rate of healing is unusually fast.
((You are covered in fur. (AC +1)))
((You have extremely tough skin. (AC +3)))


Message History

The orc wizard hits you with a +0 dagger.
You hit Duvessa but do no damage. Duvessa hits you with a +0 short sword!
The orc wizard gestures wildly while chanting.
The orc wizard blinks!
Duvessa completely misses you.
The orc wizard gestures wildly while chanting.
The orc wizard blinks!
You completely miss Duvessa. Duvessa misses you.
The orc wizard closely misses you. Duvessa misses you.
The orc wizard casts a spell.
The orc wizard blinks!
You hit Duvessa but do no damage.
Duvessa is poisoned.
Duvessa misses you. Duvessa hits you with a +0 short sword!
* * * LOW HITPOINT WARNING * * *
The orc wizard hits you with a +0 dagger.
* * * LOW HITPOINT WARNING * * *
Duvessa closely misses you.
You hit Duvessa but do no damage.
Duvessa looks as sick as possible!
Duvessa is lightly wounded.
The orc wizard misses you. Duvessa hits you with a +0 short sword!
You die...

#.# ##.##. #)#
#>##. #)# #.###
#)# ##+# ####.####
##...## #...o...#
##.....#
#.##.##.##
##....... #
#e#...####........
#so......+........
#
###...####........
#.####..##
#.......
#.......##
##.....#
###......# ##...##
#......# ##'##
#..._..## #.#
##......# ####.#
#......####....##


You could see Duvessa (berserk) and 2 orc wizards.

Vanquished Creatures
  Pikel (D:4)
  Eustachio (D:5)
  A hungry ghost (D:5)
  A slave (D:4)
  An ogre (D:4)
  Dowan (D:5)
  A centaur zombie (D:5)
  A quasit (D:5)
  3 hounds
  An orc priest (D:3)
  2 orc wizards (D:4)
  Crazy Yiuf (D:2)
  Terence (D:2)
  2 worker ants
  A worker ant zombie (D:5)
  Robin (D:2)
  5 adders
  2 worms
  4 dart slugs
  2 leopard geckos
  10 orcs
  A ball python (D:3)
  5 giant cockroaches
  11 goblins
  15 hobgoblins
  6 jackals
  9 kobolds
  A quokka (D:3)
  7 bats
  8 frilled lizards
  A leopard gecko skeleton (D:4)
  5 rats
112 creatures vanquished.

Vanquished Creatures (others)
  An orc (D:5)
1 creature vanquished.

Grand Total: 113 creatures vanquished

Notes
Turn   | Place    | Note
-------+----------+-------------------------------------------
     0 | D:1      | Gingko the Troll Transmuter began the quest for the Orb.
     0 | D:1      | Reached XP level 1. HP: 18/18 MP: 1/1
   295 | D:1      | Reached XP level 2. HP: 26/26 MP: 3/3
   716 | D:2      | Reached skill level 2 in Transmutations
   716 | D:2      | Reached XP level 3. HP: 31/32 MP: 4/4
  1074 | D:2      | Found a runed translucent door.
  1075 | D:2      | Noticed Crazy Yiuf
  1135 | D:2      | Noticed Terence
  1160 | D:2      | Killed Terence
  1160 | D:2      | Reached XP level 4. HP: 40/40 MP: 6/6
  1194 | D:2      | Found a white marble altar of Elyvilon.
  1284 | D:2      | Noticed Robin
  1314 | D:2      | Killed Robin
  1526 | D:2      | Killed Crazy Yiuf
  1526 | D:2      | Reached XP level 5. HP: 46/46 MP: 7/7
  2046 | D:3      | Reached skill level 3 in Transmutations
  2165 | D:3      | Found a runed translucent gate.
  2165 | D:3      | Found a runed translucent gate.
  2165 | D:3      | Found a runed translucent gate.
  2201 | D:3      | Noticed tensugalgo's ghost (amateur OpFi)
  2468 | D:4      | Learned a level 2 spell: Sticks to Snakes
  2477 | D:4      | Found Qiof's Gadget Boutique.
  2487 | D:4      | Found Zeofan's General Store.
  2530 | D:4      | Found Piplas's Assorted Antiques.
  2536 | D:4      | Noticed an ogre
  2540 | D:4      | Found Anus's Weapon Boutique.
  2544 | D:4      | Killed an ogre
  2544 | D:4      | Reached skill level 1 in Fighting
  2544 | D:4      | Reached XP level 6. HP: 55/55 MP: 7/9
  2643 | D:4      | Found Gonkoch's Book Emporium.
  2929 | D:4      | Found a staircase to the Ecumenical Temple.
  2958 | Temple   | Entered the Ecumenical Temple
  3142 | Temple   | Became a worshipper of Warmaster Okawaru
  3295 | D:5      | Entered Level 5 of the Dungeon
  3330 | D:5      | Found an opulent altar of Gozag.
  3354 | D:5      | Noticed a slave
  3354 | D:5      | Noticed Pikel
  3378 | D:5      | Noticed a slave
  3378 | D:5      | Noticed a slave
  3394 | D:4      | Killed a slave
  3421 | D:5      | Noticed a slave
  3432 | D:4      | Killed Pikel
  3432 | D:4      | Reached * piety under Okawaru
  3432 | D:4      | Reached skill level 4 in Transmutations
  3432 | D:4      | Reached XP level 7. HP: 59/68 MP: 10/10
  3491 | D:5      | Noticed Eustachio
  3507 | D:5      | Killed Eustachio
  3507 | D:5      | Reached skill level 5 in Transmutations
  3507 | D:5      | Reached XP level 8. HP: 56/78 MP: 11/11
  3713 | D:5      | Reached ** piety under Okawaru
  3713 | D:5      | Reached skill level 6 in Transmutations
  3718 | D:5      | Learned a level 3 spell: Spider Form
  3906 | D:5      | Found a sparkling altar of Nemelex Xobeh.
  3922 | D:5      | Noticed Duvessa
  3924 | D:5      | Noticed Dowan
  3946 | D:5      | Killed Dowan
  3953 | D:5      | Slain by Duvessa

Skill      XL: |  1  2  3  4  5  6  7  8 |
---------------+-------------------------+-----
Transmutations | 2 3 4 5 6 |  6.0
Spellcasting   | 2 3 |  3.0
Fighting       | 1 3 |  3.8
Dodging        | |  1.9
Stealth        | |  0.2
Unarmed Combat | |  3.2

Action                   |  1- 3 |  4- 6 |  7- 9 || total
-------------------------+-------+-------+-------++-------
Melee: Unarmed           |    81 |   203 |    72 ||   356
       Punch             |       |     5 |     1 ||     6
       Kick              |       |     1 |       ||     1
 Cast: Beastly Appendage |     1 |     1 |       ||     2
       Spider Form       |       |       |     2 ||     2
Invok: Heroism           |       |       |     1 ||     1
 Abil: Evoke Berserk Rag |       |     2 |     1 ||     3
 Stab: Distracted        |     1 |       |       ||     1
       Sleeping          |       |     2 |       ||     2
  Eat: Chunk             |    16 |    22 |     9 ||    47
Armor: Robe              |    29 |    65 |    40 ||   134
       Skin              |     6 |     2 |       ||     8
Dodge: Dodged            |    32 |    90 |    51 ||   173
